 Dungeon Crawl Stone Soup version 0.28.0-53-g5a82cb258f (webtiles) character file.

Game seed: 2711383984697187551

52 styxcanada the Sneak (level 3, 0/18 HPs)
             Began as a Spriggan Brigand on July 18, 2022.
             Killed from afar by an orc wizard (10 damage)
             ... with a puff of flame
             ... on level 3 of the Dungeon.
             The game lasted 00:06:30 (1511 turns).

styxcanada the Sneak (Spriggan Brigand)             Turns: 1511, Time: 00:06:31

Health: 0/18       AC:  3    Str:  7    XL:     3   Next: 60%
Magic:  4/4        EV: 17    Int: 12    God:
Gold:   117        SH:  0    Dex: 18    Spells: 2/2 levels left

rFire   . . .      SeeInvis +   j - +0 hunting sling
rCold   . . .      Faith    .   (no shield)
rNeg    . . .      Spirit   .   b - +0 robe
rPois   .          Reflect  .   (helmet restricted)
rElec   .          Harm     .   c - +0 cloak
rCorr   .          Rampage  .   (gloves unavailable)
Will    .....                   (boots unavailable)
Stlth   ++++......              (no amulet)
HPRegen 0.06/turn               (no ring)
MPRegen 0.09/turn               (no ring)

@: very quick
A: very small, no large weapons, unfitting armour, see invisible, speed 3
a: no special abilities


You were on level 3 of the Dungeon.
You visited 1 branch of the dungeon, and saw 3 of its levels.

You collected 117 gold pieces.

Inventory:

Hand Weapons
 a - a +2 dagger
 j - a +0 hunting sling (weapon)
Missiles
 d - 4 poisoned darts
 e - 2 curare-tipped darts
 g - 137 stones (quivered ammo)
Armour
 b - a +0 robe (worn)
 c - a +0 cloak (worn)
Scrolls
 h - 2 scrolls of teleportation {unknown}
 i - 2 scrolls of identify {unknown}
Potions
 f - a potion of brilliance {unknown}


   Skills:
 * Level 1.7 Fighting
 + Level 2.3 Short Blades
 + Level 2.2 Throwing
 * Level 2.5 Dodging
 * Level 7.1 Stealth


You had 2 spell levels left.
You didn't know any spells.
Your spell library was empty.

Dungeon Overview and Level Annotations

Branches:
Dungeon (2/15)

Altars:

Shops:
D:2 (=


Innate Abilities, Weirdness & Mutations

You are very small and have problems with some larger weapons.
You are too small for most types of armour.
You have supernaturally acute eyesight. (SInv)
You cover ground extremely quickly. (Speed+++)


Message History

The poisoned dart closely misses the orc priest.
Throw: 7 darts (poison)
Press: ? - help, Q - select action, (/) - cycle Shift-Dir - straight line, f/p - orc
Aim: an orc, wielding a +0 dagger (moderately wounded, poisoned, 62% to hit)
You throw a poisoned dart. The poisoned dart hits the orc.
The orc looks even sicker.
The orc is moderately wounded.
Found a club.
You open the door.
You kill the orc!
There is an open door here.
The helpless kobold fails to defend itself.
You stick the kobold like a pincushion!!!
You kill the kobold!
There is an open door here.
An orc comes into view. It is wielding a +0 whip.
The orc wizard shouts!
The orc shouts!
You hear a shout!
The orc wizard shouts!
Throw: 6 darts (poison)
Press: ? - help, Q - select action, (/) - cycle Shift-Dir - straight line, f - orc wizard
Aim: an orc wizard, wielding a +0 dagger and wearing a +0 robe (55% to hit)
You throw a poisoned dart. The poisoned dart hits the orc wizard.
The orc wizard is poisoned.
The orc wizard gestures wildly while chanting.
The orc wizard flickers and vanishes for a moment.
Found an escape hatch in the ceiling.
Throw: 5 darts (poison)
Press: ? - help, Q - select action, (/) - cycle Shift-Dir - straight line, f - orc
Aim: an orc, wielding a +0 whip and wearing a +0 scale mail (65% to hit)
You throw a poisoned dart. The poisoned dart hits the orc.
The orc is poisoned.
j - a +0 hunting sling (weapon)
Fire: 138 stones
Press: ? - help, Q - select action, (/) - cycle Shift-Dir - straight line, f/p - orc
Aim: an orc, wielding a +0 whip and wearing a +0 scale mail (severely wounded, poisoned, 64% to hit)
You shoot a stone. The stone hits the orc.
You kill the orc!
The orc wizard casts a spell at you. The puff of flame hits you!
Ouch! That really hurt!
You die...

....o.o... ##.##.#####..
...o.o..#..(( #o#)#.#..
#.o..$#.. #..o.....
#...P....
#.##############..####..
#......@....(.o(o.#).'..
..........#####...#).#..
......###<# #...####..
#..... #.# ##........
#.### #.# #........ #
#.# ########. #.# ## #.#


You could see an orc wizard.

Vanquished Creatures
  3 worms (D:2)
  4 orcs (D:3)
  2 endoplasms
  A goblin (D:1)
  3 hobgoblins (D:1)
  5 jackals (D:1)
  3 quokkas
  4 ball pythons
  5 bats (D:1)
  A frilled lizard (D:1)
  5 kobolds
  A rat (D:1)
  A toadstool (D:1)
38 creatures vanquished.

Vanquished Creatures (others)
  2 plants (D:2)
  3 toadstools (D:1)
5 creatures vanquished.

Grand Total: 43 creatures vanquished

Notes
Turn   | Place    | Note
-------+----------+-------------------------------------------
     0 | D:1      | styxcanada the Spriggan Brigand began the quest for the
                  | Orb.
     0 | D:1      | Reached XP level 1. HP: 10/10 MP: 2/2
    81 | D:1      | Reached skill level 6 in Stealth
   244 | D:1      | Reached XP level 2. HP: 13/14 MP: 3/3
   336 | D:1      | Found a faded altar of an unknown god.
  1041 | D:2      | Found Ula Ugga's One-of-a-Kind Rings.
  1077 | D:2      | Reached XP level 3. HP: 18/18 MP: 4/4
  1300 | D:2      | Reached skill level 7 in Stealth
  1349 | D:2      | Found Limorgh's Weapon Shop.
  1397 | D:2      | You fall into a shaft and drop 1 floor!
  1511 | D:3      | Killed from afar by an orc wizard

Illustrated notes

Levels and vault maps discovered:
D:1:      ldierk_water_garden, layout_basic, hellmonk_ecumenical_altar_run_dry
D:2:      layout_basic, serial_shops, nicolae_shop_bloodbath_and_beyond,
          nicolae_shop_unique_rings, st_stairs_3, serial_bayou_lagoon_a
D:3:      layout_basic, corexii_shack

Skill      XL: |  1  2  3 |
---------------+----------+-----
Stealth        | 6 7 |  7.1
Dodging        | 2 |  2.5
Fighting       | |  1.7
Short Blades   | |  2.3
Throwing       | |  2.2

Action                   || total
-------------------------++-------
Melee: Dagger            ||    88
       Punch             ||     1
 Fire: Hunting sling     ||     1
Throw: Dart              ||    21
 Stab: Sleeping          ||    14
       Distracted        ||     1
Armor: Robe              ||    11
Dodge: Dodged            ||    44
